 Dungeon Crawl Stone Soup version 0.31-a0-1301-g7e11add784 (webtiles) character file.

Game seed: 7420256179971721535

3644 hiems the Cleaver (level 9, -5/71 HPs)
             Began as a Minotaur Fighter on Dec 19, 2023.
             Was a Believer of Makhleb.
             Slain by Fannar
             ... wielding a staff of cold
              (10 damage)
             ... on level 1 of the Lair of Beasts.
             The game lasted 00:36:21 (5373 turns).

hiems the Cleaver (Minotaur Fighter)                Turns: 5373, Time: 00:36:22

Health: -5/71      AC: 13    Str: 24    XL:     9   Next: 88%
Magic:  8/8        EV:  7    Int:  5    God:    Makhleb [**....]
Gold:   340        SH:  5    Dex: 15    Spells: 8/8 levels left

rFire   . . .        p - +7 war axe of Jias {venom, *Noise Dex+4}
rCold   . . .        c - +0 buckler
rNeg    . . .        s - +0 plate armour
rPois   .            (helmet currently unavailable)
rElec   .            (cloak currently unavailable)
rCorr   .            A - melded +0 pair of gloves
SInv    +            (boots currently unavailable)
Will    .....        (no amulet) Stlth
                     G - ring of see invisible
HPRegen 0.31/turn    (no ring)
MPRegen 0.11/turn

%: no passive effects
@: beast-form
A: beast (slay +1), horns 2, retaliatory headbutt, fangs 1, frail 1
a: Begin Untransformation, Renounce Religion, Minor Destruction


You were on level 1 of the Lair of Beasts.
You worshipped Makhleb.
Makhleb was pleased with you.
You were a hulking beast.
You visited 2 branches of the dungeon, and saw 9 of its levels.

You collected 340 gold pieces.

Inventory:

Hand Weapons
 a - a +0 trident
 d - a +3 short sword
 f - a +0 heavy spear
 g - a +0 mace
 k - a +0 hand axe
 p - the +7 war axe of Jias (weapon) {venom, *Noise Dex+4}
   (You found it on level 3 of the Dungeon)

   Dex+4:     It affects your dexterity (+4).
   *Noise:    It may make a loud noise when swung.
 v - a +0 hand axe
 y - a +0 rapier
 E - a +0 mace
 J - a +0 broad axe
 M - a +0 rapier
 P - a +3 trident of draining
 S - a +0 orcbow
Missiles
 t - 51 stones
 u - 15 poisoned darts
 D - 10 boomerangs
Armour
 b - a +0 scale mail
 c - a +0 buckler (worn)
 e - a +0 ring mail
 l - a +0 ring mail
 r - a +0 helmet
 s - a +0 plate armour (worn)
 A - a +0 pair of gloves (melded)
 B - a +0 scale mail
 F - a +0 chain mail
 H - +0 steam dragon scales
 Q - an orb of energy
Jewellery
 G - a ring of see invisible (left hand)
Talismans
 C - a beast talisman (active)
 L - a serpent talisman
Wands
 j - a wand of iceblast (12)
 x - a wand of flame (19)
Scrolls
 h - 3 scrolls of blinking
 m - 6 scrolls of teleportation
 q - a scroll of immolation
 w - a scroll of butterflies
 K - a scroll of enchant weapon
 R - a scroll of identify
Potions
 i - 2 potions of mutation
 n - 2 potions of degeneration {unknown}
 o - 3 potions of curing {unknown}
 z - a potion of resistance {unknown}
 I - a potion of enlightenment {unknown}
 N - a potion of attraction {unknown}
 O - a potion of berserk rage {unknown}
 T - a potion of heal wounds {unknown}


   Skills:
 + Level 7.4 Fighting
 + Level 11.0(11.4) Axes
 + Level 4.9(8.6) Polearms
 + Level 0.5 Throwing
 + Level 7.9 Armour
 + Level 1.9 Dodging
 + Level 0.7 Stealth
 + Level 5.9 Shields
 + Level 2.9 Shapeshifting


You had 8 spell levels left.
You didn't know any spells.
Your spell library contained the following spells:

 Spells                   Type           Power      Damage    Failure   Level
 Cigotuvi's Dreadful Rot  Necr/Pois/Air  0%         N/A       100%        2
 Static Discharge         Conj/Air       0%         3-3/arc   100%        2
 Hailstorm                Conj/Ice       0%         3d5       100%        3
 Ignite Poison            Fire/Tmut/Pois 0%         N/A       100%        3
 Airstrike                Air            0%         2d(0-16)  100%        4
 Animate Armour           Summ/Erth      0%         N/A       100%        4
 Summon Ice Beast         Ice/Summ       0%         N/A       100%        4
 Summon Lightning Spire   Summ/Air       0%         N/A       100%        4
 Freezing Cloud           Conj/Ice/Air   0%         6-21      100%        5
 Lee's Rapid Deconstruct  Erth           0%         3d4*      100%        5
 Simulacrum               Ice/Necr       0%         N/A       100%        6


Dungeon Overview and Level Annotations

Branches:
Dungeon (8/15)             Temple (0/1) D:4            Lair (1/5) D:8

Altars:
Elyvilon
Fedhas
Gozag
Makhleb
Qazlal
Yredelemnul
The Shining One

Annotations:
D:2 1 runed translucent door, Crazy Yiuf
D:7 3 runed translucent doors, Pascal76's ghost, novice MiFi
D:8 2 runed translucent doors, Erica
Lair:1 Fannar


Innate Abilities, Weirdness & Mutations

You are a hulking beast.
Your limbs bulge with bestial killing power. (Slay +1)
You have a pair of horns on your head.
You reflexively headbutt those who attack you in melee.
You have very sharp teeth.
You are frail. (-10% HP)


Message History

Found a stone staircase leading down.
There is a staircase back to the Dungeon here.
A bullfrog comes into view.
The bullfrog gives a loud, deep croak!
You slice the bullfrog!!
The bullfrog looks as sick as possible!
The bullfrog is almost dead.
The bullfrog hits you but does no damage.
You slash the bullfrog!
You kill the bullfrog!
Makhleb accepts your kill.
Your Axes skill increases to level 11!
Fannar the Cold-Hearted comes into view.
They are wielding a staff of cold and wearing a +2 robe of cold resistance.
Fannar shouts!
Fannar mumbles some strange words.
Fannar drains the heat from the surrounding environment!
Fannar casts a spell.
Fannar drains the heat from the surrounding environment!
Fannar hits you with a staff of cold. Fannar freezes you.
You barely miss Fannar.
Your war axe of Jias regales you with its life story.
Your headbutt misses Fannar. You slash Fannar!
Fannar looks as sick as possible!
Fannar is lightly wounded.
Fannar hits you with a staff of cold. Fannar freezes you!
You barely miss Fannar. You headbutt Fannar!
Fannar is moderately wounded.
You block Fannar's attack.
You slash Fannar!
Fannar looks as sick as possible!
Fannar is heavily wounded.
Fannar hits you with a staff of cold. Fannar freezes you!
* * * LOW HITPOINT WARNING * * *
You barely miss Fannar. You headbutt Fannar!
Fannar is heavily wounded.
Fannar casts a spell.
Fannar drains the heat from the surrounding environment!
* * * LOW HITPOINT WARNING * * *
It was a potion of mutation.
You feel extremely strange.
You feel frail.
Your teeth lengthen and sharpen.
Fannar hits you but does no damage. Fannar freezes you!
You die...

##.......#.#####.
#.........##
##.........##
#...........##
##...........##
#.............##
#..............#
##............##
##.......h....#
##.......e..##
###........#
#######..## ##..#
##.# #.. #..#
#...


You could see Fannar (extremely poisoned).

Vanquished Creatures
  Maggie (D:6)
  A rime drake (D:7)
  Jeremiah (D:7)
  A polar bear (D:8)
  A wyvern (D:8)
  Eustachio (D:4)
  Menkaure (D:7)
  Edmund (D:6)
  Duvessa (D:4)
  A water moccasin (D:8)
  6 ice beasts
  A centaur (D:8)
  2 wolves (D:8)
  A kobold brigand (D:7)
  4 bullfrogs
  A scorpion (D:7)
  Dowan (D:4)
  2 howler monkeys
  3 hounds
  2 jellies
  3 orc priests
  A sleepcap (D:6)
  Natasha (twice) (D:2)
  5 orc wizards
  9 adders
  3 white imps
  3 worms
  2 dart slugs
  30 orcs
  5 ball pythons
  4 bats
  5 endoplasms
  3 giant cockroaches
  5 goblins
  7 hobgoblins
  A jackal (D:2)
  2 quokkas
  3 frilled lizards
  12 kobolds
  2 rats
140 creatures vanquished.

Notes
Turn   | Place    | Note
-------+----------+-------------------------------------------
     0 | D:1      | hiems the Minotaur Fighter began the quest for the Orb.
     0 | D:1      | Reached XP level 1. HP: 19/19 MP: 0/0
   162 | D:1      | Reached XP level 2. HP: 26/27 MP: 1/1
   323 | D:1      | You fall into a shaft and drop 1 floor!
   401 | D:2      | Found a runed translucent door.
   402 | D:2      | Noticed Crazy Yiuf
   496 | D:2      | Reached XP level 3. HP: 24/34 MP: 2/2
   756 | D:2      | Found a glowing golden altar of the Shining One.
   772 | D:2      | Found a faded altar of an unknown god.
   828 | D:2      | Noticed Natasha
   839 | D:2      | Killed Natasha
  1087 | D:2      | Noticed Natasha
  1091 | D:2      | Killed Natasha
  1092 | D:2      | Reached XP level 4. HP: 41/41 MP: 3/3
  1165 | D:3      | Identified the +7 war axe of Jias {venom, *Noise Dex+4}
  1301 | D:3      | Noticed an ice beast
  1307 | D:3      | Killed an ice beast
  1308 | D:3      | Reached skill level 5 in Fighting
  1308 | D:3      | Reached skill level 1 in Dodging
  1308 | D:3      | Reached XP level 5. HP: 48/48 MP: 4/4
  1330 | D:4      | Noticed Eustachio
  1379 | D:3      | Reached skill level 1 in Axes
  1569 | D:3      | Reached skill level 5 in Armour
  1569 | D:3      | Reached XP level 6. HP: 56/56 MP: 5/5
  1643 | D:3      | Reached skill level 2 in Axes
  1937 | D:4      | Found an opulent altar of Gozag.
  1974 | D:4      | Killed Eustachio
  1975 | D:4      | Reached skill level 3 in Axes
  2018 | D:4      | Found a staircase to the Ecumenical Temple.
  2106 | D:4      | Reached XP level 7. HP: 61/61 MP: 6/6
  2277 | D:4      | Noticed Dowan
  2277 | D:4      | Noticed Duvessa
  2288 | D:4      | Killed Duvessa
  2289 | D:4      | Reached skill level 4 in Axes
  2292 | D:4      | Killed Dowan
  2486 | D:5      | Entered Level 5 of the Dungeon
  2580 | D:5      | Found a blossoming altar of Fedhas.
  2582 | D:5      | Found a stormy altar of Qazlal.
  2678 | D:6      | Found a burning altar of Makhleb.
  2680 | D:6      | Reached skill level 5 in Axes
  2687 | D:6      | Became a worshipper of Makhleb the Destroyer
  2737 | D:6      | Found a basalt altar of Yredelemnul.
  2753 | D:6      | Noticed Edmund
  2762 | D:6      | Killed Edmund
  2902 | D:7      | Reached skill level 6 in Axes
  2902 | D:7      | Reached XP level 8. HP: 68/70 MP: 7/7
  2904 | D:7      | Noticed Menkaure
  3280 | D:6      | Noticed Maggie
  3290 | D:6      | Killed Maggie
  3291 | D:6      | Reached skill level 5 in Shields
  3291 | D:6      | Reached skill level 1 in Shapeshifting
  3630 | D:6      | Reached * piety under Makhleb
  3634 | D:6      | Reached skill level 7 in Axes
  3686 | D:6      | Found a white marble altar of Elyvilon.
  4103 | D:7      | Killed Menkaure
  4174 | D:7      | Reached skill level 8 in Axes
  4450 | D:7      | Found a runed translucent gate.
  4450 | D:7      | Found a runed translucent gate.
  4450 | D:7      | Found a runed translucent gate.
  4512 | D:7      | Noticed Jeremiah
  4536 | D:7      | Reached XP level 9. HP: 74/78 MP: 8/8
  4559 | D:7      | Killed Jeremiah
  4840 | D:7      | Noticed Pascal76's ghost (novice MiFi)
  4899 | D:8      | Reached skill level 9 in Axes
  4903 | D:8      | Found a large runed translucent door.
  4908 | D:8      | Found a large runed translucent door.
  4909 | D:8      | Noticed a polar bear
  4910 | D:8      | Noticed a rime drake
  4924 | D:8      | Killed a polar bear
  4928 | D:7      | Killed a rime drake
  5043 | D:8      | Reached ** piety under Makhleb
  5044 | D:8      | Reached skill level 10 in Axes
  5090 | D:8      | Noticed a centaur warrior
  5092 | D:8      | Noticed Erica
  5283 | D:8      | Found a staircase to the Lair.
  5320 | Lair:1   | Entered Level 1 of the Lair of Beasts
  5337 | Lair:1   | Reached skill level 11 in Axes
  5357 | Lair:1   | Noticed Fannar
  5373 | Lair:1   | Gained mutation: You are frail. (-10% HP) [potion of
                  | mutation]
  5373 | Lair:1   | Gained mutation: You have very sharp teeth. [potion of
                  | mutation]
  5373 | Lair:1   | Slain by Fannar

Illustrated notes

Levels and vault maps discovered:
D:1:      ncdulo_halloftheorcs, layout_basic, serial_corexii_hall,
          corexii_hall_statues_deadend, corexii_hall_statues_deadend,
          st_stairs_11, grunt_decor_fettered
D:2:      minmay_diamond_boxcup, layout_loops_ring,
          shapermc_ecumenical_altar_notcrosses, basic_altar, uniq_natasha,
          uniq_crazy_yiuf_cottage
D:3:      layout_basic
D:4:      layout_basic, kennysheep_mini_moat, minmay_temple_entry_stoned_glass,
          uniq_eustachio, uniq_duvessa
D:5:      layout_loops_ring, grunt_temple_overflow_forces_of_nature,
          st_stairs_9, minmay_misc_feat_tiny, minmay_misc_feat_secret_circle,
          uniq_grinder
D:6:      layout_basic, elyvilon_altar_3, yredelemnul_altar_generic,
          mainiacjoe_overflow_surrounded_room, serial_glass, glass_columns_c,
          glass_columns_a, glass_columns_a, glass_columns_a, uniq_maggie,
          uniq_edmund
D:7:      layout_basic, gammafunk_ghost_nasty_kobolds, uniq_jeremiah,
          uniq_menkaure
D:8:      layout_rooms, nicolae_overflow_quartered_altars,
          hellmonk_lair_entry_icy, enter_bailey_3,
          minmay_hollow_rounded_squares, uniq_erica
Lair:1:   layout_cave_pods, special_room [special_room_bee], st_stairs_13,
          uniq_joseph, uniq_fannar

Skill      XL: |  1  2  3  4  5  6  7  8  9 |
---------------+----------------------------+-----
Fighting       | 4 5 6 7 |  7.4
Shields        | 4 5 |  5.9
Armour         | 4 5 6 7 |  7.9
Polearms       | 3 4 |  4.9
Dodging        | 1 |  1.9
Axes           | 1 3 6 8 11 | 11.0
Shapeshifting  | 2 |  2.9
Throwing       | |  0.5
Stealth        | |  0.7

Action                     |  1- 3 |  4- 6 |  7- 9 || total
---------------------------+-------+-------+-------++-------
  Melee: Trident           |    65 |     3 |       ||    68
         Headbutt          |     9 |     5 |    33 ||    47
         War axe           |       |    38 |   122 ||   160
         Broad axe         |       |       |    39 ||    39
  Throw: Boomerang         |       |       |     5 ||     5
    Use: Potion            |     1 |       |     1 ||     2
         Scroll            |       |       |     5 ||     5
 Armour: Scale mail        |    45 |     6 |       ||    51
         Plate armour      |       |    35 |   156 ||   191
  Dodge: Dodged            |    40 |    15 |    45 ||   100
  Block: Buckler           |    17 |     8 |    43 ||    68
   Form: Beast             |       |       |     1 ||     1

Table legend: (Time is in decaauts)
 A = Elapsed time spent in this place.
 B = Non-inter-level travel time spent in this place.
 C = Inter-level travel time spent in this place.
 D = Time resting spent in this place.
 E = Time spent auto-exploring this place.
 F = Levels seen in this place.
 G = Mean time per level.
                   A        B        C        D        E       F      G
               +--------+--------+--------+--------+--------+-----+--------+
         Total |   5435 |   5150 |    285 |   1647 |      0 |   9 |  603.9 |
       Dungeon |   5382 |   5130 |    252 |   1647 |      0 |   8 |  672.8 |
          Lair |     52 |     19 |     33 |      0 |      0 |   1 |   52.0 |
               +--------+--------+--------+--------+--------+-----+--------+

Top non-repeatable levels by time:
     D:6: 1259 daAuts
     D:7: 1133 daAuts
     D:2: 837 daAuts
     D:3: 765 daAuts
     D:4: 593 daAuts
     D:1: 325 daAuts
     D:8: 313 daAuts
     D:5: 155 daAuts
  Lair:1: 52 daAuts
